Map: Realities Simulation LE

Players

SlayerSBoxeR

  • Race: Terran Terran
  • League: Diamond
  • Spawn Location: 6:00

JJJJJJJJ

  • Race: Protoss Protoss
  • Spawn Location: 3:00

Tyurty

  • Race: Terran Terran
  • Spawn Location: 5:00

Alebay - Winner!

  • Race: Protoss Protoss
  • Spawn Location: 9:00

MattBarry - Winner!

  • Race: Zerg Zerg
  • League: Gold
  • Spawn Location: 12:00

PiPuxD - Winner!

  • Race: Terran Terran
  • League: Gold
  • Spawn Location: 11:00

VOD

Have the link to the VOD?

Description

Time

  • Played on: Feb. 16, 2023, 2:50 a.m.
  • Length: 12:55
Show
View Real Time Build Order
Export as new Build Order

SlayerSBoxeR Terran 

Build Orders: Command Center First (CC) 

Get SALT Encoding   

  12  0:00  SCV  
  13  0:12  SCV  
  14  0:18  Supply Depot  
  14  0:24  SCV  
  15  0:40  SCV  
  16  1:00  Command Center  
  16  1:10  Barracks  
  16  1:17  Refinery  
  16  1:20  SCV  
  17  1:32  SCV  
  18  1:44  SCV  
  19  1:58  Orbital Command  
  19  2:01  Engineering Bay  
  19  2:24  SCV  
  18  2:54  SCV  
  17  3:08  Barracks  
  14  3:24  SCV  
  14  3:28  Barracks Reactor  
  14  3:29  Barracks  
  14  3:32  Bunker  
  14  3:37  SCV  
  14  3:39  Refinery  
  15  3:49  SCV  
  15  3:54  Factory  
  16  3:56  Barracks Tech Lab  
  16  4:02  Supply Depot  
  16  4:09  Marine x2  
  18  4:15  SCV  
  19  4:18  Barracks Reactor  
  19  4:22  Marine  
  20  4:28  Marine x2  
  22  4:34  SCV  
  23  4:43  Starport  
  23  4:48  SCV  
  24  4:55  Barracks  
  24  5:04  SCV, Stimpack  
  25  5:14  Supply Depot  
  25  5:16  SCV  
  25  5:21  Marine x2  
  26  5:24  Starport Reactor  
  26  5:39  Marine x4  
  29  5:46  SCV  
  28  5:57  Factory Tech Lab  
  28  5:58  SCV  
  28  6:02  Medivac  
  31  6:10  SCV  
  30  6:15  Medivac  
  14  6:32  Marine  
  14  6:33  Marine x5  
  17  6:50  Marine x2  
  13  7:31  SCV  
  14  7:40  Starport Reactor  
  14  7:43  SCV, Barracks Reactor  
  15  7:54  Barracks Tech Lab  
  15  7:55  SCV  
  16  8:08  SCV  
  17  8:17  Medivac  
  19  8:20  SCV  
  19  8:23  Marine x6  
  19  8:24  Marine  
  27  8:38  SCV  
  27  8:41  Marine  
  29  8:47  Marine  
  30  8:50  SCV  
  31  8:56  Combat Shield  
  31  9:06  Supply Depot  
  31  9:17  Supply Depot  
  31  9:27  Marine x2  
  32  9:42  Supply Depot  
  32  9:43  SCV  
  33  9:48  Marine  
  34  10:05  Medivac  
  36  10:07  Medivac  
  38  10:19  Supply Depot  
  38  10:23  SCV  
  39  10:29  Barracks  
  39  10:38  SCV  
  40  10:50  SCV  
  41  10:58  Barracks  
  41  11:05  Supply Depot  
  41  11:08  Marine  
  41  11:09  Marine x2  
  41  11:10  Marine  
  45  11:16  Marine  
  46  11:35  Marine x2  
  31  12:24  Marine x4  
  31  12:25  Marine  
  31  12:26  Marine x2  
Show
View Real Time Build Order
Export as new Build Order

JJJJJJJJ Protoss 

Build Orders:  

Get SALT Encoding   

  12  0:04  Probe  
  13  0:16  Probe  
  13  0:21  Pylon  
  14  0:28  Probe  
  15  0:32  Assimilator  
  15  0:45  Gateway  
  15  0:48  Probe (Chrono Boost)  
  17  0:57  Probe (Chrono Boost)  
  17  1:02  Probe (Chrono Boost)  
  18  1:14  Probe  
  19  1:20  Forge  
  19  1:26  Probe  
  20  1:37  Cybernetics Core  
  20  1:38  Probe  
  21  1:50  Probe  
  22  2:02  Nexus  
  22  2:07  Pylon  
  22  2:09  Probe  
  22  2:14  Assimilator  
  23  2:17  Pylon  
  23  2:25  Probe  
  24  2:37  Probe  
  25  2:49  Probe  
  26  2:53  Photon Cannon  
  26  2:55  Photon Cannon  
  26  3:02  Probe  
  26  3:03  Stargate  
  27  3:14  Probe  
  27  3:15  Probe  
  29  3:21  Stargate  
  29  3:25  Pylon  
  29  3:27  Probe  
  30  3:35  Probe  
  30  3:39  Probe  
  30  3:41  Assimilator  
  32  3:49  Probe (Chrono Boost)  
  32  3:51  Shield Battery  
  34  3:57  Probe (Chrono Boost)  
  34  3:58  Pylon  
  34  4:01  Probe (Chrono Boost)  
  35  4:04  Probe (Chrono Boost)  
  35  4:06  Pylon  
  35  4:08  Probe  
  37  4:15  Probe  
  38  4:20  Probe  
  47  4:26  Void Ray  
  47  4:27  Probe  
  47  4:29  Void Ray  
  48  4:32  Probe  
  48  4:37  Protoss Air Weapons Level 1 (Chrono Boost)  
  49  4:39  Probe  
  49  4:43  Assimilator  
  49  4:45  Probe  
  51  4:52  Photon Cannon  
  51  4:57  Pylon  
  51  4:59  Probe x2  
  61  5:18  Void Ray x2 (Chrono Boost)  
  30  5:53  Void Ray (Chrono Boost)  
  30  5:54  Void Ray (Chrono Boost)  
  38  6:07  Probe x2  
  40  6:19  Probe  
  40  6:20  Probe  
  42  6:31  Probe  
  43  6:32  Void Ray (Chrono Boost)  
  43  6:33  Void Ray (Chrono Boost)  
  43  6:35  Probe  
  44  6:43  Probe  
  45  6:47  Pylon, Probe  
  45  6:49  Pylon  
  46  6:55  Probe  
  46  6:59  Probe  
  48  7:07  Probe  
  57  7:08  Void Ray x2  
  57  7:11  Shield Battery, Probe  
  57  7:13  Shield Battery  
  58  7:19  Probe  
  59  7:36  Probe (Chrono Boost)  
  61  7:37  Pylon  
  61  7:41  Probe (Chrono Boost)  
  61  7:43  Photon Cannon  
  61  7:45  Pylon  
  61  7:46  Probe (Chrono Boost)  
  61  7:49  Probe (Chrono Boost)  
  61  7:51  Probe (Chrono Boost)  
  64  8:00  Fleet Beacon, Probe  
  64  8:02  Probe  
  64  8:04  Pylon  
  66  8:12  Probe  
  67  8:19  Void Ray  
  71  8:43  Nexus  
  75  8:52  Void Ray  
  75  9:00  Protoss Air Armor Level 1 (Chrono Boost)  
  75  9:02  Pylon  
  75  9:03  Photon Cannon  
  75  9:07  Shield Battery  
  75  9:11  Carrier  
  81  9:20  Stargate  
  81  9:52  Carrier  
  87  9:53  Pylon  
  87  9:57  Probe x2  
  89  10:02  Robotics Facility  
  89  10:05  Pylon, Carrier  
  95  10:28  Assimilator  
  95  10:36  Carrier  
  95  10:40  Probe x3  
  104  10:52  Probe  
  99  11:36  Probe x2  
  99  11:37  Probe  
  98  11:51  Carrier  
  63  12:28  Probe  
  63  12:29  Probe x2  
  66  12:33  Pylon  
  66  12:34  Pylon  
  66  12:35  Pylon  
  66  12:44  Assimilator  
Show
View Real Time Build Order
Export as new Build Order

Tyurty Terran 

Build Orders: Mech 

Get SALT Encoding   

  12  0:01  SCV  
  13  0:20  SCV  
  14  0:25  Supply Depot  
  14  0:32  SCV  
  15  0:49  Barracks  
  15  0:51  Barracks  
  15  0:53  SCV  
  16  1:01  Supply Depot  
  16  1:05  SCV  
  17  1:27  Refinery  
  17  1:28  SCV  
  18  1:37  Barracks  
  18  1:38  Marine  
  19  1:40  Marine  
  20  1:52  Supply Depot  
  20  1:53  Orbital Command  
  20  2:03  Marine  
  20  2:04  Marine  
  22  2:20  Engineering Bay  
  22  2:35  Marine x3  
  22  3:47  Marine x2  
  20  3:51  Supply Depot  
  20  3:57  Factory  
  20  4:00  Refinery  
  20  4:09  Command Center  
  20  4:10  Supply Depot  
  20  4:13  Factory  
  20  4:28  Missile Turret  
  20  4:29  SCV  
  20  4:31  Missile Turret  
  21  4:41  SCV  
  22  4:53  SCV  
  22  4:55  Marine  
  22  4:56  Marine  
  26  5:04  Barracks Tech Lab  
  26  5:05  SCV  
  26  5:13  Marine  
  25  5:35  Factory Tech Lab  
  25  5:44  Planetary Fortress  
  25  5:45  Factory Tech Lab  
  24  6:18  Siege Tank x2  
  30  6:40  Factory  
  30  6:50  Siege Tank x2  
  36  7:05  Barracks Reactor  
  36  7:06  Barracks Reactor  
  34  7:09  Barracks Reactor  
  34  7:42  SCV  
  35  7:49  Armory  
  35  7:54  SCV, Refinery  
  35  7:57  Siege Tank  
  39  7:59  Siege Tank  
  39  8:03  Refinery  
  42  8:07  SCV  
  42  8:08  Marine x6  
  49  8:19  SCV  
  50  8:26  Marine x4  
  54  8:55  Barracks Tech Lab  
  54  9:00  Supply Depot  
  54  9:01  Supply Depot x2  
  54  9:03  Supply Depot  
  54  9:05  Supply Depot  
  54  9:06  Supply Depot  
  54  9:11  Marine x4, SCV  
  59  9:19  Combat Shield  
  59  9:23  SCV  
  60  9:29  Marine x2  
  62  9:35  SCV  
  63  9:48  SCV  
  64  10:00  SCV  
  65  10:18  Marine x3  
  68  10:24  Starport  
  58  11:08  Command Center  
  57  11:32  Marine x5  
  62  11:50  Marine x5  
  62  11:52  Starport Reactor  
  65  11:54  Factory Tech Lab  
  65  11:56  Thor x2  
  75  12:07  Marine  
  54  12:25  Missile Turret  
  54  12:27  Missile Turret  
  54  12:28  Missile Turret  
  51  12:30  Missile Turret  
  51  12:31  Missile Turret  
  51  12:32  Missile Turret  
  51  12:33  Missile Turret  
Show
View Real Time Build Order
Export as new Build Order

Alebay Protoss - Winner!

Build Orders: 1 Gate Expand 

Get SALT Encoding   

  12  0:00  Probe  
  13  0:12  Probe  
  14  0:19  Pylon  
  14  0:24  Probe  
  15  0:30  Assimilator  
  15  0:37  Probe  
  16  0:43  Gateway  
  16  0:49  Probe  
  17  1:01  Probe  
  18  1:13  Probe  
  19  1:24  Nexus  
  19  1:25  Probe  
  20  1:33  Cybernetics Core  
  20  1:38  Assimilator  
  20  1:42  Probe  
  21  1:50  Pylon  
  21  1:54  Probe  
  22  2:09  Gateway, Probe  
  22  2:10  Warp Gate  
  22  2:11  Adept (Chrono Boost)  
  25  2:21  Probe  
  26  2:39  Probe x2  
  28  2:46  Pylon  
  28  2:49  Stalker (Chrono Boost)  
  30  2:53  Probe x2  
  32  3:00  Forge  
  32  3:05  Probe x2  
  34  3:21  Probe  
  34  3:22  Probe  
  32  3:38  Pylon  
  32  3:45  Probe x2  
  32  3:54  Pylon  
  32  3:56  Gateway  
  32  3:58  Probe x2 (Chrono Boost)  
  32  4:01  Stalker x2  
  38  4:08  Assimilator  
  40  4:10  Probe x2 (Chrono Boost)  
  40  4:14  Photon Cannon x2  
  40  4:15  Probe x2 (Chrono Boost)  
  42  4:25  Probe x2  
  42  4:26  Protoss Ground Weapons Level 1  
  42  4:30  Stalker  
  46  4:35  Stalker  
  48  4:42  Probe x2  
  50  4:54  Stalker x2  
  54  5:03  Assimilator, Probe x2  
  48  5:37  Stalker x3  
  54  5:58  Nexus  
  54  5:59  Pylon  
  54  6:01  Pylon  
  46  6:19  Stalker  
  46  6:20  Stalker x2  
  50  6:27  Protoss Ground Armor Level 1 (Chrono Boost)  
  50  6:29  Probe x2 (Chrono Boost)  
  50  6:35  Gateway  
  50  6:37  Gateway x2  
  51  6:41  Probe x2 (Chrono Boost)  
  51  6:43  Twilight Council  
  51  6:44  Gateway  
  51  6:46  Gateway  
  52  6:47  Probe x2 (Chrono Boost)  
  52  6:50  Stalker x3  
  60  6:59  Probe x2  
  62  7:11  Probe x2 (Chrono Boost)  
  62  7:12  Probe (Chrono Boost)  
  62  7:15  Blink (Chrono Boost)  
  65  7:19  Stalker x2  
  65  7:20  Stalker, Probe x3 (Chrono Boost)  
  74  7:25  Probe x3 (Chrono Boost)  
  77  7:32  Pylon  
  77  7:33  Pylon  
  77  7:35  Photon Cannon x2  
  77  7:40  Photon Cannon  
  77  7:42  Photon Cannon, Probe x2  
  77  7:43  Probe  
  80  7:44  Shield Battery  
  80  7:45  Shield Battery  
  80  8:00  Probe x3  
  80  8:02  Assimilator  
  80  8:05  Assimilator  
  83  8:07  Stalker x5  
  93  8:18  Probe x3  
  96  8:27  Protoss Air Weapons Level 1, Nexus  
  96  8:29  Pylon  
  96  8:38  Stalker x4  
  96  8:39  Stalker  
  106  8:45  Protoss Ground Weapons Level 2 (Chrono Boost)  
  106  9:01  Forge  
  106  9:03  Photon Cannon  
  106  9:09  Pylon  
  106  9:10  Pylon, Shield Battery  
  106  9:12  Probe x3  
  106  9:14  Photon Cannon  
  106  9:15  Photon Cannon  
  109  9:18  Stalker  
  109  9:19  Stalker x3  
  117  9:36  Protoss Ground Armor Level 2 (Chrono Boost)  
  117  9:42  Probe  
  117  9:43  Probe x2  
  117  9:44  Probe  
  121  9:55  Probe x3  
  121  9:56  Probe  
  125  10:00  Pylon  
  125  10:01  Shield Battery  
  125  10:02  Stalker x3  
  125  10:03  Photon Cannon, Shield Battery  
  125  10:04  Photon Cannon  
  125  10:07  Photon Cannon, Probe x3  
  132  10:08  Probe  
  132  10:11  Assimilator  
  135  10:22  Pylon  
  135  10:23  Pylon  
  135  10:27  Gateway  
  135  10:28  Gateway, Pylon  
  135  10:29  Pylon  
  135  10:30  Stalker x3  
  121  10:52  Stalker x6  
  121  10:56  Protoss Shields Level 1 (Chrono Boost)  
  133  11:00  Probe x4  
  137  11:28  Stalker  
  137  11:29  Stalker x4  
  137  11:30  Stalker x4  
  155  12:02  Assimilator, Probe x4  
  159  12:14  Stalker x4  
  159  12:15  Stalker x6, Nexus  
  177  12:16  Pylon  
  177  12:18  Pylon  
  179  12:45  Stalker x6  
  179  12:46  Stalker x2  
Show
View Real Time Build Order
Export as new Build Order

MattBarry Zerg - Winner!

Build Orders: Hatch First 

Get SALT Encoding   

  12  0:00  Drone  
  13  0:13  Overlord  
  13  0:19  Drone  
  14  0:31  Drone  
  14  0:32  Drone  
  16  0:56  Hatchery  
  15  0:59  Drone  
  15  1:00  Drone  
  15  1:02  Drone  
  18  1:18  Extractor  
  17  1:20  Spawning Pool  
  16  1:27  Drone  
  16  1:29  Drone  
  18  1:49  Drone, Overlord  
  19  2:06  Evolution Chamber  
  19  2:07  Zergling x4  
  19  2:08  Queen  
  20  2:09  Queen  
  20  2:11  Drone  
  26  2:17  Drone  
  27  2:28  Drone  
  28  2:31  Zergling x2  
  29  2:38  Zergling x4  
  31  2:55  Overlord x2  
  31  3:19  Zergling x10  
  37  3:20  Zergling x8  
  37  3:26  Drone x2  
  42  3:33  Metabolic Boost  
  41  3:36  Extractor  
  41  3:37  Queen  
  42  3:50  Overlord  
  42  3:53  Drone  
  42  3:55  Overlord  
  43  3:58  Extractor  
  43  3:59  Drone  
  43  4:00  Drone, Extractor  
  45  4:07  Queen, Overlord x2  
  47  4:32  Drone x3  
  47  4:33  Overlord  
  50  4:47  Lair  
  50  4:54  Roach Warren  
  42  5:38  Zergling x30  
  42  5:39  Zergling x2  
  57  5:48  Evolution Chamber  
  57  5:49  Evolution Chamber  
  55  5:51  Drone  
  55  5:52  Drone x2  
  53  6:12  Hatchery  
  53  6:17  Zergling x12  
  58  6:48  Drone x3  
  58  6:49  Drone x5  
  61  7:05  Zerg Melee Weapons Level 1  
  61  7:06  Zerg Ground Armor Level 1, Zergling x4  
  61  7:07  Zergling x12  
  52  7:31  Drone x2  
  52  7:32  Drone x3  
  52  7:35  Extractor  
  52  7:36  Extractor  
  55  7:37  Overseer  
  55  7:41  Pneumatized Carapace  
  54  7:44  Burrow  
  54  7:54  Drone x2  
  54  7:55  Drone  
  57  8:03  Drone x5  
  62  8:13  Drone x6  
  62  8:14  Drone  
  69  8:45  Drone  
  69  8:47  Roach x5  
  69  8:48  Roach x3  
  86  8:52  Spire  
  86  8:53  Extractor  
  86  8:54  Extractor, Spire  
  82  8:58  Hydralisk Den  
  82  9:02  Zerg Ground Armor Level 2  
  82  9:04  Zerg Missile Weapons Level 1  
  82  9:05  Infestation Pit  
  82  9:06  Drone x2  
  82  9:07  Drone x5  
  82  9:08  Drone x2  
  90  9:10  Overlord x2  
  90  9:57  Drone x4  
  90  9:58  Drone x3  
  97  10:21  Mutalisk  
  97  10:22  Mutalisk x3  
  97  10:23  Overlord x2  
  97  10:24  Overlord  
  97  10:28  Overlord x2  
  105  10:33  Overlord  
  105  10:42  Mutalisk, Roach  
  107  10:43  Mutalisk x2  
  107  10:45  Overlord x2  
  107  10:46  Overlord x2  
  107  10:48  Mutalisk x8  
  129  11:04  Overlord x2  
  129  11:06  Zergling x2  
  129  11:07  Zergling x6  
  133  11:21  Corruptor x2  
  133  11:22  Corruptor x2  
  137  12:03  Corruptor x2  
  137  12:04  Corruptor x4  
Show
View Real Time Build Order
Export as new Build Order

PiPuxD Terran - Winner!

Build Orders: 2 Factory, Reaper Expand, Mech 

Get SALT Encoding   

  12  0:00  SCV  
  13  0:12  SCV  
  14  0:17  Supply Depot  
  14  0:24  SCV  
  15  0:39  SCV  
  15  0:41  Barracks  
  16  0:46  Refinery  
  16  0:51  SCV  
  17  1:03  SCV  
  18  1:15  SCV  
  19  1:27  Orbital Command  
  19  1:32  Reaper  
  20  1:39  Command Center  
  20  1:47  Supply Depot  
  20  1:53  SCV  
  21  1:57  Refinery  
  21  2:04  Barracks Reactor  
  21  2:10  SCV  
  22  2:22  SCV  
  23  2:29  Factory  
  23  2:34  SCV  
  24  2:47  Marine x2  
  24  2:48  SCV  
  27  2:58  Factory  
  27  3:00  SCV  
  27  3:06  Marine x2  
  29  3:18  SCV  
  30  3:21  Factory Tech Lab  
  30  3:24  Orbital Command  
  30  3:34  SCV  
  31  3:46  SCV  
  32  3:49  Siege Tank  
  35  4:00  SCV x2  
  37  4:05  Barracks Tech Lab, Hellion x2  
  37  4:06  Infernal Pre-Igniter  
  41  4:11  Supply Depot  
  41  4:12  Supply Depot, SCV  
  41  4:13  Supply Depot, SCV  
  43  4:21  Siege Tank  
  43  4:22  Armory  
  46  4:36  SCV  
  46  4:37  SCV  
  48  4:40  Refinery  
  48  4:42  Refinery  
  48  4:44  Hellion x2  
  52  4:48  SCV  
  52  4:49  SCV  
  54  4:53  Siege Tank  
  54  5:16  Hellion x2  
  52  5:45  SCV  
  52  5:46  SCV  
  52  5:47  Siege Tank, Hellion x2  
  61  5:58  SCV  
  61  6:03  Command Center  
  62  6:08  Factory, Terran Vehicle Weapons Level 1  
  62  6:09  Factory  
  62  6:10  SCV x2  
  62  6:11  Armory  
  60  6:22  SCV  
  61  6:32  Thor  
  69  6:33  Hellion  
  69  6:34  Hellion  
  69  6:38  Supply Depot  
  66  6:40  Supply Depot x2  
  61  6:54  Widow Mine  
  61  6:56  Widow Mine  
  63  7:05  SCV  
  63  7:06  SCV  
  63  7:08  Terran Vehicle And Ship Armor Level 1  
  65  7:11  Factory Tech Lab x2  
  65  7:14  Starport  
  68  7:16  Thor  
  68  7:17  SCV  
  68  7:18  SCV  
  73  7:27  Hellion x2  
  73  7:29  SCV  
  78  7:30  SCV  
  79  7:39  Thor  
  79  7:42  Thor  
  91  7:53  SCV x2  
  93  8:02  Orbital Command  
  93  8:05  SCV x2  
  95  8:09  Siege Tank  
  95  8:11  Command Center  
  98  8:17  SCV x2  
  100  8:23  Siege Tank  
  100  8:25  Siege Tank  
  106  8:27  Refinery  
  106  8:28  Refinery  
  106  8:31  SCV x3  
  109  8:41  Terran Vehicle Weapons Level 2  
  109  8:42  Supply Depot  
  109  8:43  Supply Depot, SCV x2  
  109  8:44  SCV  
  112  8:55  SCV x2  
  112  8:56  SCV  
  112  9:02  Terran Vehicle And Ship Armor Level 2  
  115  9:04  Hellion x3  
  115  9:05  Siege Tank x2  
  115  9:08  Supply Depot  
  127  9:19  SCV x3  
  130  9:24  Orbital Command  
  130  9:28  Refinery  
  130  9:29  Refinery  
  130  9:31  SCV x3  
  133  9:32  Siege Tank  
  133  9:36  Starport Reactor  
  136  9:43  Starport  
  136  9:44  Starport  
  136  9:50  Thor x2  
  148  10:02  SCV  
  148  10:03  SCV x2  
  148  10:04  SCV  
  152  10:12  Thor  
  158  10:29  Hellion x2  
  158  10:31  Command Center  
  160  11:26  Thor  
  157  11:37  Thor  
  163  11:42  Thor  
  163  11:43  Hellbat, Hellion  
  147  12:10  Thor  
  147  12:11  Hellbat  
  147  12:12  Hellion  
  147  12:15  Starport Reactor x2  
  141  12:18  Orbital Command  
Tags
 
Add a new tag
Caveats
  • Supply blocks, unpowered buildings, or Contaminate may cause inaccurate times.
  • Supply counts are checked every 10 seconds.